 Dungeon Crawl Stone Soup version 0.20.0 (webtiles) character file.

1441 aesoa the Ducker (level 8, -15/54 (55) HPs)
             Began as an Octopode Monk on June 11, 2017.
             Was a Believer of Qazlal.
             Demolished by a two-headed ogre
             ... wielding a +0 giant spiked club
              (35 damage)
             ... on level 6 of the Dungeon.
             The game lasted 00:19:36 (5783 turns).

aesoa the Ducker (Octopode Monk)                    Turns: 5783, Time: 00:19:37

HP:   -15/54 (55)   AC:  1    Str: 11    XL:     8   Next: 74%
MP:   11/11         EV: 19    Int: 15    God:    Qazlal [**....]
Gold: 295           SH:  8    Dex: 20    Spells: 7/7 levels left

rFire    + . .     SeeInvis .   a - +0 falchion
rCold    . . .     Gourm    .   m - +0 buckler
rNeg     . . .     Faith    .   (helmet restricted)
rPois    .         Spirit   .   (no amulet)
rElec    .         Reflect  .   k - ring of protection from fire
rCorr    .         Harm     .   l - +4 ring of dexterity
MR       +....                  o - ring of Xom's Wrath {MR+ Int+3}
Stlth    +++.......             (no ring)
Regen    0.2/turn               (no ring)
MPRegen  0.2/turn               (no ring)
                                (no ring)
                                (no ring)

@: no status effects
A: almost no armour, stealthy swim, amphibious, 8 rings, constrict 8, camouflage
1, gelatinous body 1
a: Upheaval, Renounce Religion


You were on level 6 of the Dungeon.
You worshipped Qazlal.
Qazlal was pleased with you.
You were very hungry.

You visited 2 branches of the dungeon, and saw 7 of its levels.

You collected 295 gold pieces.

Inventory:

Hand Weapons
 a - a +0 falchion (weapon)
 v - a +3 hunting sling of flaming
Missiles
 i - 20 sling bullets
Armour
 m - a +0 buckler (worn)
Magical Staves
 x - an uncursed staff of wizardry
Jewellery
 k - a ring of protection from fire (left tentacle)
 l - a +4 ring of dexterity (right tentacle)
 o - the ring of Xom's Wrath (on tentacle) {MR+ Int+3}
   (You found it on level 5 of the Dungeon)

   [ring of protection from magic]

   It affects your intelligence (+3).
   It affects your resistance to hostile enchantments.
Wands
 r - a wand of confusion (35/48)
Scrolls
 e - 3 scrolls of magic mapping
 h - 3 scrolls of remove curse
 n - a scroll of immolation
 p - 2 scrolls of identify
Potions
 d - a potion of invisibility
 g - 3 potions of curing
 j - a potion of resistance
 q - 3 potions of brilliance
Comestibles
 b - 4 bread rations
 c - a royal jelly
 f - 4 meat rations


   Skills:
 - Level 5.0 Fighting
 - Level 5.1 Long Blades
 - Level 7.1 Dodging
 - Level 2.6 Stealth
 - Level 4.2 Shields
 + Level 4.0 Invocations


You had 7 spell levels left.
You didn't know any spells.

Dungeon Overview and Level Annotations

Branches:
Dungeon (6/15)             Temple (1/1) D:6

Altars:
Hepliaklqana
Kikubaaqudgha
Qazlal
Sif Muna
Uskayaw
The Shining One


Innate Abilities, Weirdness & Mutations

You cannot wear most types of armour.
You are very stealthy in the water. (Stealth+)
You are amphibious.
You can wear up to eight rings at the same time.
You can use your tentacles to constrict eight enemies at once.
Your skin changes colour to match your surroundings (Stealth+).
Your rubbery body absorbs attacks. (AC +1, EV +1)


Message History

The two-headed ogre is lightly wounded.
You hit the two-headed ogre.
You squeeze the two-headed ogre, but do no damage.
The two-headed ogre is lightly wounded.
The two-headed ogre misses you.
You riposte.
You hit the two-headed ogre.
The two-headed ogre is moderately wounded.
The two-headed ogre completely misses you.
You hit the two-headed ogre. You squeeze the two-headed ogre.
The two-headed ogre is moderately wounded.
The two-headed ogre hits you with a giant spiked club!
* * * LOW HITPOINT WARNING * * *
The two-headed ogre barely misses you.
You see here 12 stones.
You flicker for a moment.
You flicker back into view.
Your magical contamination has completely faded away.
There is a stone staircase leading up here.
The two-headed ogre hits you with a giant spiked club!!
Ouch! That really hurt!
You die...

##.........'.#.........#.#
##.........###.###.###.#.#
##.........###.# #.#...#.#
####'#.......#.# #.#.###.#
.............#.###.#.....#
...................#######
.............#......#
............#######.#
###............#@.#.#
...........##.#O##.#
#...........# #....#
#...........# ######
#...........#
###.........#
.........#### ........
........


You could see a two-headed ogre.

Vanquished Creatures
  An ice beast (D:5)
  4 ogres
  A necrophage (D:6)
  Blork the orc (D:4)
  2 bullfrogs
  3 scorpions
  A crimson imp (D:4)
  2 bullfrog zombies (D:5)
  A jelly (D:5)
  A hound (D:5)
  2 orc priests
  A gnoll shaman (D:4)
  Jessica (D:2)
  2 iguanas
  3 worker ants
  A worker ant zombie (D:5)
  3 gnolls (D:4)
  5 adders
  2 shadow imps (D:6)
  2 worms (D:4)
  2 dart slugs
  2 leopard geckos
  7 orcs
  2 ball pythons
  4 bats
  4 giant cockroaches
  7 goblins
  6 hobgoblins
  13 jackals
  4 quokkas
  3 frilled lizards
  A jackal skeleton (D:4)
  3 kobolds
  A quokka skeleton (D:6)
  A rat (D:1)
99 creatures vanquished.

Notes
Turn   | Place    | Note
-------+----------+-------------------------------------------
     0 | D:1      | aesoa the Octopode Monk began the quest for the Orb.
     0 | D:1      | Reached XP level 1. HP: 16/16 MP: 1/1
   124 | D:1      | Reached XP level 2. HP: 6/21 MP: 2/2
   747 | D:2      | Reached XP level 3. HP: 21/27 MP: 3/3
  1235 | D:2      | Noticed Jessica
  1239 | D:2      | Killed Jessica
  1239 | D:2      | Reached skill level 5 in Fighting
  1239 | D:2      | Reached XP level 4. HP: 30/35 MP: 4/4
  1648 | D:3      | Reached XP level 5. HP: 39/39 MP: 5/5
  1683 | D:3      | Reached skill level 4 in Dodging
  2297 | D:4      | Reached skill level 5 in Dodging
  2297 | D:4      | Reached XP level 6. HP: 29/45 MP: 6/6
  2751 | D:4      | Reached skill level 6 in Dodging
  2771 | D:4      | Noticed Blork the orc
  2778 | D:4      | Killed Blork the orc
  3137 | D:4      | Reached XP level 7. HP: 35/50 MP: 7/7
  3351 | D:4      | Reached skill level 7 in Dodging
  3521 | D:5      | Entered Level 5 of the Dungeon
  4111 | D:5      | Reached skill level 5 in Long Blades
  4316 | D:5      | Reached skill level 1 in Shields
  4316 | D:5      | Reached XP level 8. HP: 50/55 MP: 8/8
  4538 | D:5      | Found a glowing golden altar of the Shining One.
  4594 | D:5      | Got a glittering iron ring
  4595 | D:5      | Identified the ring of Xom's Wrath {MR+ Int+3} (You found it on level 5 of the Dungeon)
  4779 | D:6      | Noticed a two-headed ogre
  5267 | D:6      | Found a staircase to the Ecumenical Temple.
  5282 | Temple   | Entered the Ecumenical Temple
  5356 | Temple   | Became a worshipper of Qazlal Stormbringer
  5356 | Temple   | Reached * piety under Qazlal
  5356 | Temple   | Reached ** piety under Qazlal
  5783 | D:6      | Demolished by a two-headed ogre

Skill      XL: |  1  2  3  4  5  6  7  8 |
---------------+-------------------------+-----
Fighting       | 4 5 |  5.0
Dodging        | 5 6 7 |  7.1
Long Blades    | 5 |  5.1
Shields        | 1 4 |  4.2
Invocations    | 4 |  4.0
Stealth        | |  2.6

Action                   |  1- 3 |  4- 6 |  7- 9 || total
-------------------------+-------+-------+-------++-------
Melee: Falchion          |    46 |    75 |    74 ||   195
       Constrict         |    19 |    31 |    19 ||    69
       Tentacles         |    11 |    29 |    39 ||    79
 Fire: Hunting sling     |       |       |    33 ||    33
  Use: Scroll            |       |     4 |    12 ||    16
       Potion            |       |     6 |     3 ||     9
 Stab: Sleeping          |     5 |     8 |       ||    13
       Invisible         |       |       |     1 ||     1
  Eat: Chunk             |       |     7 |     7 ||    14
Armor: Skin              |     5 |     2 |       ||     7
Dodge: Dodged            |    37 |    66 |    85 ||   188
Block: Buckler           |       |       |     8 ||     8
       Rpst.: Falchion   |    16 |    28 |    24 ||    68
